 Dungeon Crawl Stone Soup version 0.28-a0-1624-g820543e53a (webtiles) character file.

Game seed: 10958478242899172195

58 issech the Cudgeller (level 3, 0/36 HPs)
             Began as a Troll Monk on Jan 24, 2022.
             Killed from afar by an orc wizard (8 damage)
             ... with a magic dart
             ... on level 2 of the Dungeon.
             The game lasted 00:03:35 (1163 turns).

issech the Cudgeller (Troll Monk)                   Turns: 1163, Time: 00:03:36

Health: 0/36       AC:  4    Str: 19    XL:     3   Next: 76%
Magic:  2/2        EV: 10    Int:  6    God:
Gold:   51         SH:  0    Dex: 14    Spells: 2/2 levels left

rFire   . . .      SeeInvis .   a - +0 mace
rCold   . . .      Faith    .   (no shield)
rNeg    . . .      Spirit   .   b - +0 robe
rPois   .          Reflect  .   (helmet restricted)
rElec   .          Harm     .   (no cloak)
rCorr   .          Rampage  .   (gloves unavailable)
Will    .....                   (boots unavailable)
Stlth   +.........              (no amulet)
HPRegen 0.92/turn               (no ring)
MPRegen 0.08/turn               (no ring)

@: confused
A: large, unfitting armour, claws 3, regeneration 1, shaggy fur 1, tough skin 1
a: no special abilities


You were on level 2 of the Dungeon.
You visited 1 branch of the dungeon, and saw 2 of its levels.

You collected 51 gold pieces.

Inventory:

Hand Weapons
 a - a +0 mace (weapon)
 f - a +0 spear
 i - a +3 dagger
Missiles
 h - 49 stones (quivered)
 j - 38 sling bullets
Armour
 b - a +0 robe (worn)
Jewellery
 m - an amulet of reflection
Scrolls
 c - a scroll of fog {unknown}
 d - 3 scrolls of enchant weapon {unknown}
 k - a scroll of teleportation {unknown}
 l - a scroll of identify {unknown}
Potions
 e - a potion of invisibility {unknown}
 g - a potion of magic {unknown}


   Skills:
 + Level 2.8 Fighting
 + Level 3.3 Maces & Flails
 + Level 3.0 Dodging
 + Level 1.1 Stealth


You had 2 spell levels left.
You didn't know any spells.
Your spell library contained the following spells:

 Spells                   Type           Power      Damage    Failure   Level
 Ignite Poison            Fire/Tmut/Pois 0%         N/A       83%         3
 Mephitic Cloud           Conj/Pois/Air  0%         N/A       83%         3
 Freezing Cloud           Conj/Ice/Air   0%         6-21      100%        5


Dungeon Overview and Level Annotations

Branches:
Dungeon (2/15)

Altars:


Innate Abilities, Weirdness & Mutations

You are too large for most types of armour.
You have claws for hands.
Your natural rate of healing is unusually fast.
You are covered in fur. (AC +1)
You have tough skin. (AC +1)


Message History

You hit the orc but do no damage.
The orc is severely wounded.
The orc hits you with a +0 hand axe. The orc closely misses you.
You hit the orc.
You kill the orc!
The bat hits you. The bat hits you.
Things that are here:
a +0 hand axe; a +0 chain mail You barely miss the bat.
The bat hits you. The bat hits you but does no damage.
You barely miss something. Something hits you but does no damage.
Something hits you.
You closely miss something. Something hits you.
You hit something but do no damage. Something hits you but does no damage.
You closely miss something. Something hits you.
You hit something but do no damage. Something hits you. x2
You closely miss something. Something hits you but does no damage.
You hit something. Something hits you.
You hit something but do no damage. Something hits you.
You closely miss something.
You hear some strange, mumbled words.
A magic dart appears from out of thin air!
The magic dart hits you.
You hit something. Something hits you but does no damage. Something hits you.
* * * LOW HITPOINT WARNING * * *
You closely miss something. Something hits you.
* * * LOW HITPOINT WARNING * * *
You hit something but do no damage.
You hear some strange, mumbled words.
Something tries to affect you, but you resist.
A magic dart appears from out of thin air!
The magic dart hits you.
* * * LOW HITPOINT WARNING * * *
A puff of flame appears from out of thin air!
The puff of flame hits you!
* * * LOW HITPOINT WARNING * * *
You are confused.
A magic dart appears from out of thin air!
The magic dart hits you!
You die...

##.#.##.#.#.#.##.#.####........#
##.#.##.#..##.#.##.#.##...#######
.##.#.##.#..##.#.##.#.###.#
..##.#.##.#..##.#.##.#.##.#
.#.##.#.##†.#.##.#.##...#.##
#.#.##.#.##..#.##.#.##.....#
#.#.##.#.##..#.##.#.#####.###
#)#.##.#)#.#.##.#.## #...#
##.#b##.#)#.##@#.## #...#
##.#.##.#.##.#.########...#
##o#{##.##.#.##..........#
##.#.###.#.##########...#
##.#.#.#.## #...# ##.#{#)## #...#
##o#.## ##### ##.## ###


You could see an orc.

Vanquished Creatures
  2 adders (D:2)
  A dart slug (D:2)
  An orc (D:2)
  3 endoplasms (D:1)
  2 giant cockroaches
  6 goblins
  3 hobgoblins
  A quokka (D:1)
  4 bats
  8 kobolds
  4 rats
35 creatures vanquished.

Vanquished Creatures (others)
  A plant (D:2)
1 creature vanquished.

Grand Total: 36 creatures vanquished

Notes
Turn   | Place    | Note
-------+----------+-------------------------------------------
     0 | D:1      | issech the Troll Monk began the quest for the Orb.
     0 | D:1      | Reached XP level 1. HP: 22/22 MP: 0/0
   150 | D:1      | Reached XP level 2. HP: 29/29 MP: 1/1
   750 | D:2      | Found a faded altar of an unknown god.
   831 | D:2      | Reached XP level 3. HP: 35/36 MP: 2/2
  1155 | D:2      | HP: 1/36 [something/puff of flame (10)]
  1163 | D:2      | Killed from afar by an orc wizard

Illustrated notes

Levels and vault maps discovered:
D:1:      scummos_arrival_simple_fountains, layout_loops_ring
D:2:      minmay_inner_zag, layout_rooms, shapermc_ecumenical_altar_hornbeckon,
          hangedman_abyss_or_decor_lesser_grid

Skill      XL: |  1  2  3 |
---------------+----------+-----
Maces & Flails | 3 |  3.3
Dodging        | 3 |  3.0
Fighting       | |  2.8
Stealth        | |  1.1

Action                   || total
-------------------------++-------
Melee: Mace              ||   140
       Punch             ||     1
 Stab: Sleeping          ||     1
Armor: Robe              ||    59
Dodge: Dodged            ||    71

Table legend: (Time is in decaauts)
 A = Elapsed time spent in this place.
 B = Non-inter-level travel time spent in this place.
 C = Inter-level travel time spent in this place.
 D = Time resting spent in this place.
 E = Time spent auto-exploring this place.
 F = Levels seen in this place.
 G = Mean time per level.
                   A        B        C        D        E       F      G
               +--------+--------+--------+--------+--------+-----+--------+
         Total |   1205 |   1205 |      0 |      0 |    650 |   2 |  602.5 |
       Dungeon |   1205 |   1205 |      0 |      0 |    650 |   2 |  602.5 |
               +--------+--------+--------+--------+--------+-----+--------+

Top non-repeatable levels by time:
     D:1: 725 daAuts
     D:2: 479 daAuts
